 Dungeon Crawl Stone Soup version 0.28-a0-1594-ga885d4b3d6 (webtiles) character file.

Game seed: 3653107849505870149

64 fragbeetle the Slasher (level 3, -1/31 HPs)
             Began as a Palentonga Abyssal Knight on Jan 20, 2022.
             Was a Believer of Lugonu.
             Slain by a sky beast (5 damage)
             ... on level 4 of the Dungeon.
             The game lasted 00:03:35 (1778 turns).

fragbeetle the Slasher (Palentonga Abyssal Knight)  Turns: 1778, Time: 00:03:36

Health: -1/31      AC:  5    Str: 18    XL:     3   Next: 91%
Magic:  5/5        EV:  9    Int: 10    God:    Lugonu [**....]
Gold:   16         SH:  0    Dex: 10    Spells: 0/2 levels left

rFire   . . .      SeeInvis +   a - +1 falchion
rCold   . . .      Faith    .   (no shield)
rNeg    . . .      Spirit   .   b - +0 leather armour
rPois   .          Reflect  .   (no helmet)
rElec   .          Harm     .   (no cloak)
rCorr   .          Rampage  .   d - +0 pair of gloves
Will    .....                   (no barding)
Stlth   +.........              (no amulet)
HPRegen 0.10/turn               (no ring)
MPRegen 0.09/turn               (no ring)

@: no status effects
A: large, rugged brown scales 3, see invisible, deformed body, roll 1, armoured
tail
a: Rolling Charge, Renounce Religion, Depart the Abyss, Bend Space


You were on level 4 of the Dungeon.
You worshipped Lugonu.
Lugonu was pleased with you.
You visited 1 branch of the dungeon, and saw 3 of its levels.
You visited the Abyss 1 time.

You collected 16 gold pieces.

Inventory:

Hand Weapons
 a - a +1 falchion (weapon)
Missiles
 e - 13 poisoned darts
 h - 58 stones
 k - 2 boomerangs
 m - 9 arrows
Armour
 b - a +0 leather armour (worn)
 d - a +0 pair of gloves (worn)
Scrolls
 c - a scroll of teleportation {unknown}
 g - a scroll of silence {unknown}
 o - a scroll of identify {unknown}
 p - a scroll of noise {unknown}
Potions
 f - 2 potions of heal wounds {unknown}
 i - a potion of ambrosia {unknown}
 j - a potion of degeneration {unknown}
 l - a potion of mutation {unknown}
 n - a potion of curing {unknown}


   Skills:
 - Level 3.0 Fighting
 * Level 3.6 Long Blades
 - Level 1.5 Armour
 - Level 0.7 Dodging
 + Level 0.0 Hexes
 + Level 3.0 Invocations


You couldn't memorise any spells.
You knew the following spells:

 Your Spells              Type           Power      Damage    Failure   Level
a - Ensorcelled Hibernat  Hex/Ice        0%         N/A       56%         2

Your spell library contained the following spells:

 Spells                   Type           Power      Damage    Failure   Level
 Sandblast                Erth           0%         2d4       41%         1
 Passwall                 Tmut/Erth      0%         N/A       56%         2
 Spider Form              Tmut/Pois      0%         N/A       80%         3
 Stone Arrow              Conj/Erth      0%         3d7       80%         3
 Anguish                  Hex/Necr       0%         N/A       99%         4


Dungeon Overview and Level Annotations

Branches:
Dungeon (2/15)

Altars:

Shops:
D:1 ?


Innate Abilities, Weirdness & Mutations

You are completely covered in rugged brown scales. (AC +3, +7% HP)
You have supernaturally acute eyesight. (SInv)
Armour fits poorly on your strangely shaped body.
You can roll at nearby foes to attack.
You have a long armoured tail.


Message History

The ball python bites you but does no damage.
You hit the jackal.
You kill the jackal!
Lugonu accepts your kill. The ball python closely misses you.
You hit the ball python. You tail-slap the ball python.
You kill the ball python!
Lugonu accepts your kill.
You see here a ball python corpse.
Found a ring mail.
A sky beast comes into view.
You closely miss the sky beast.
The sky beast hits you but does no damage.
You hit the sky beast.
The sky beast is lightly wounded.
The sky beast flickers out of sight for a moment.
The sky beast closely misses you.
You miss the sky beast.
The sky beast is lightly wounded.
The sky beast completely misses you.
You hit the sky beast.
The sky beast is moderately wounded.
The sky beast hits you. The sky beast shocks you.
You hit the sky beast but do no damage.
The sky beast is moderately wounded.
The sky beast hits you but does no damage.
You hit the sky beast.
The sky beast is moderately wounded.
The sky beast completely misses you.
You barely miss the sky beast.
Your tail-slap misses the sky beast.
The sky beast is moderately wounded.
The sky beast hits you. The sky beast shocks you. The sky beast hits you.
The sky beast shocks you.
* * * LOW HITPOINT WARNING * * *
You hit the sky beast.
The sky beast is heavily wounded.
The sky beast hits you.
* * * LOW HITPOINT WARNING * * *
The sky beast shocks you.
You die...

#.. #.............#
#..##.##..#.##.##.#
#....†##..#.##.##.#
##.............##.#
##########.##.##.#
#.......# ####.####
#.# #@# #Y# #.# #.#
#.# #.# ..# ###


You could see a sky beast (invisible).

Vanquished Creatures
  An adder (D:2)
  2 worms (D:2)
  A dart slug (D:1)
  5 endoplasms
  A giant cockroach (D:2)
  4 hobgoblins
  3 jackals (D:4)
  A quokka (D:1)
  10 ball pythons
  3 bats
  4 goblins
  4 kobolds
  7 rats
46 creatures vanquished.

Notes
Turn   | Place    | Note
-------+----------+-------------------------------------------
     0 | Abyss:1  | fragbeetle the Palentonga Abyssal Knight began the quest
                  | for the Orb.
     0 | Abyss:1  | Reached XP level 1. HP: 19/19 MP: 2/2
    56 | D:1      | Escaped the Abyss
   212 | D:1      | Reached XP level 2. HP: 21/25 MP: 3/3
   556 | D:1      | Found Bimoqini's Magic Scroll Emporium.
  1181 | D:2      | Reached XP level 3. HP: 31/31 MP: 4/4
  1224 | D:2      | Reached ** piety under Lugonu
  1227 | D:2      | Found a faded altar of an unknown god.
  1227 | D:2      | Noticed a floating eye
  1231 | D:2      | Noticed a shining eye
  1231 | D:2      | Noticed a golden eye
  1231 | D:2      | Noticed a golden eye
  1679 | D:2      | Learned a level 2 spell: Ensorcelled Hibernation
  1739 | D:2      | You fall into a shaft and drop 2 floors!
  1768 | D:4      | Noticed a sky beast
  1778 | D:4      | Slain by a sky beast

Illustrated notes

Levels and vault maps discovered:
D:1:      dpeg_arrival_central, layout_loops_ring, serial_shops,
          nicolae_shop_hallway_plus, minmay_door_square, dk_noncrumbling_3
D:2:      layout_loops_corners, hellmonk_ecumenical_altar_watching_god,
          basic_altar, st_stairs_13, minmay_pentomino_t2
D:4:      layout_loops_cross, portal_sewer_entry_a

Skill      XL: |  1  2  3 |
---------------+----------+-----
Long Blades    | 3 |  3.6
Invocations    | 3 |  3.0
Fighting       | |  3.0
Armour         | |  1.5
Dodging        | |  0.7

Action                   || total
-------------------------++-------
Melee: Falchion          ||   122
       Tailslap          ||    14
       Punch             ||     1
 Abil: Rolling Charge    ||    10
Armor: Leather armour    ||    44
Dodge: Dodged            ||    44

Table legend: (Time is in decaauts)
 A = Elapsed time spent in this place.
 B = Non-inter-level travel time spent in this place.
 C = Inter-level travel time spent in this place.
 D = Time resting spent in this place.
 E = Time spent auto-exploring this place.
 F = Levels seen in this place.
 G = Mean time per level.
                   A        B        C        D        E       F      G
               +--------+--------+--------+--------+--------+-----+--------+
         Total |   1795 |   1782 |     13 |    183 |   1142 |   4 |  448.8 |
       Dungeon |   1739 |   1726 |     13 |    183 |   1142 |   3 |  579.7 |
         Abyss |     56 |     56 |      0 |      0 |      0 |   1 |   56.0 |
               +--------+--------+--------+--------+--------+-----+--------+

Top non-repeatable levels by time:
     D:1: 1120 daAuts
     D:2: 579 daAuts
 Abyss:1: 56 daAuts
     D:4: 40 daAuts
